 Dungeon Crawl Stone Soup version 0.27.0-1-g7a089689b8 (console) character file.

Game seed: 7928587627606659601

373 jejorda2 the Cudgeller (level 6, -1/36 (37) HPs)
             Began as a Tengu Earth Elementalist on Aug 6, 2021.
             Was a Believer of Qazlal.
             Slain by Crazy Yiuf (5 damage)
             ... on level 3 of the Dungeon.
             The game lasted 00:07:28 (3872 turns).

jejorda2 the Cudgeller (Tengu Earth Elementalist)   Turns: 3872, Time: 00:07:28

HP:   -1/36 (37)    AC:  9    Str: 11    XL:     6   Next: 72%
MP:   10/10         EV:  6    Int: 15    God:    Qazlal [**....]
Gold: 41            SH:  3    Dex: 14    Spells: 8/9 levels left

rFire    . . .     SeeInvis .   a - +0 mace
rCold    . . .     Faith    .   (no shield)
rNeg     . . .     Spirit   .   m - +0 chain mail
rPois    .         Reflect  .   (helmet restricted)
rElec    .         Harm     .   (no cloak)
rCorr    .         Rampage  .   (no gloves)
Will     .....                  (boots unavailable)
Stlth    ..........             (no amulet)
HPRegen  0.12/turn              (no ring)
MPRegen  0.12/turn              (no ring)

@: flying quickly and evasively, lightly drained, quick
A: beak, talons 3, nimble flight
a: Renounce Religion, Upheaval


You were on level 3 of the Dungeon.
You worshipped Qazlal.
Qazlal was pleased with you.
You visited 1 branch of the dungeon, and saw 3 of its levels.

You collected 41 gold pieces.

Inventory:

Hand Weapons
 a - a +0 mace (weapon)
 k - a +0 whip
Missiles
 c - 220 stones (quivered)
Armour
 b - a +0 robe
 j - a +0 plate armour
 m - a +0 chain mail (worn)
Wands
 r - a wand of flame (30)
Scrolls
 d - 3 scrolls of magic mapping {unknown}
 g - 2 scrolls of teleportation {unknown}
 i - a scroll of blinking {unknown}
 l - 4 scrolls of identify {unknown}
 o - a scroll of amnesia {unknown}
 p - 2 scrolls of silence {unknown}
 q - a scroll of summoning {unknown}
Potions
 e - a potion of flight {unknown}
 f - 2 potions of mutation {unknown}
 h - a potion of might {unknown}
 n - 3 potions of curing


   Skills:
 + Level 3.2 Fighting
 * Level 5.0 Maces & Flails
 + Level 3.0 Armour
 - Level 2.2 Dodging
 - Level 2.0 Stealth
 - Level 2.0 Spellcasting
 - Level 0.7 Transmutations
 - Level 2.2 Earth Magic


You had 8 spell levels left.
You knew the following spells:

 Your Spells              Type           Power      Damage    Failure   Level
a - Sandblast             Erth           16%        2d6       99%         1

Your spell library contained the following spells:

 Spells                   Type           Power      Damage    Failure   Level
 Passwall                 Tmut/Erth      4%         N/A       100%        2
 Stone Arrow              Conj/Erth      8%         3d7       100%        3
 Petrify                  Tmut/Erth      5%         N/A       100%        4
 Lee's Rapid Deconstruct  Erth           4%         3d6*      100%        5


Dungeon Overview and Level Annotations

Branches:
Dungeon (3/15)

Altars:
Qazlal

Annotations:
D:3 Crazy Yiuf


Innate Abilities, Weirdness & Mutations

You have a beak for a mouth.
You have claws for feet.
Your magical nature lets you fly swiftly and evasively.


Message History

Found two maces.
You see here a +0 mace.
You see here a +0 mace.
You see here a +0 mace.
You see here a +0 mace.
Found a mace.
Found a runed translucent door.
Crazy Yiuf shouts!
Crazy Yiuf glowers.
You reach down and open the door.
Crazy Yiuf zaps a wand.
The puff of flame misses you.
Aiming: Upheaval
Press: ? - help, Dir - move target, f - Crazy Yiuf
Aim: Crazy Yiuf, wielding a +4 quarterstaff of chaos, wearing a +0 cloak and carrying a wand of flame (18)
You fail to use your ability.
You hit Crazy Yiuf but do no damage. You claw Crazy Yiuf!
Crazy Yiuf is moderately wounded.
Crazy Yiuf barely misses you.
Your chain mail prevents you from hitting Crazy Yiuf.
You peck Crazy Yiuf.
Crazy Yiuf is heavily wounded.
Crazy Yiuf barely misses you.
Crazy Yiuf hits you with a +4 quarterstaff of chaos.
You feel drained.
You hit Crazy Yiuf.
Crazy Yiuf is heavily wounded.
Crazy Yiuf hits you with a +4 quarterstaff of chaos!
You are electrocuted!!
Ouch! That really hurt!
* * * LOW HITPOINT WARNING * * *
You hit Crazy Yiuf but do no damage. Your kick misses Crazy Yiuf.
Crazy Yiuf is heavily wounded.
Crazy Yiuf waves his quarterstaff at you.
Crazy Yiuf hits you with a +4 quarterstaff of chaos.
You die...

#########.####.#####
# ####...# # ##### #
##### # #..)# #
#...# ... #g# ##@#
#.## ##.# #.## ##.##
#.PP## #P))P# #))))#
#))))###############


You could see Crazy Yiuf.

Vanquished Creatures
  Grinder (D:3)
  Ijyb (D:3)
  4 gnolls
  An adder (D:3)
  3 dart slugs
  7 orcs
  3 ball pythons
  5 bats (D:1)
  9 endoplasms
  3 giant cockroaches
  9 hobgoblins
  6 jackals (D:1)
  3 quokkas
  2 frilled lizards
  11 goblins
  9 kobolds
  4 rats
81 creatures vanquished.

Notes
Turn   | Place    | Note
-------+----------+-------------------------------------------
     0 | D:1      | jejorda2 the Tengu Earth Elementalist began the quest for
                  | the Orb.
     0 | D:1      | Reached XP level 1. HP: 10/10 MP: 4/4
   221 | D:1      | Reached skill level 1 in Maces & Flails
   221 | D:1      | Reached XP level 2. HP: 16/16 MP: 4/6
   227 | D:1      | Reached skill level 1 in Fighting
   561 | D:1      | Found a faded altar of an unknown god.
   572 | D:1      | Became a worshipper of Qazlal Stormbringer
   572 | D:1      | Reached * piety under Qazlal
   881 | D:1      | Reached XP level 3. HP: 17/20 MP: 7/7
   968 | D:1      | Reached skill level 2 in Maces & Flails
  1349 | D:1      | Reached ** piety under Qazlal
  1619 | D:1      | Reached skill level 1 in Armour
  1788 | D:1      | Reached XP level 4. HP: 21/26 MP: 8/8
  2090 | D:2      | Found a stormy altar of Qazlal.
  2421 | D:2      | Reached skill level 3 in Maces & Flails
  2682 | D:2      | Gained mutation: Your magical nature lets you fly swiftly
                  | and evasively. [Tengu growth]
  2682 | D:2      | Reached XP level 5. HP: 27/30 MP: 9/9
  3127 | D:3      | Reached *** piety under Qazlal
  3146 | D:3      | Noticed Grinder
  3154 | D:3      | Killed Grinder
  3155 | D:3      | Reached skill level 4 in Maces & Flails
  3155 | D:3      | Reached XP level 6. HP: 33/37 MP: 1/10
  3524 | D:3      | Noticed Ijyb
  3533 | D:3      | Killed Ijyb
  3704 | D:3      | Reached skill level 5 in Maces & Flails
  3863 | D:3      | Found a runed translucent door.
  3864 | D:3      | Noticed Crazy Yiuf
  3872 | D:3      | Slain by Crazy Yiuf

Illustrated notes

Levels and vault maps discovered:
D:1:      dpeg_arrival_morbid_curiosity, layout_basic,
          shapermc_ecumenical_altar_notcrosses, grunt_decor_junction
D:2:      layout_basic, basic_altar
D:3:      layout_loops_cross, nicolae_overflow_hidden_temple, uniq_grinder,
          uniq_crazy_yiuf_cottage, uniq_ijyb

Skill      XL: |  1  2  3  4  5  6 |
---------------+-------------------+-----
Maces & Flails | 1 2 3 4 5 |  5.0
Fighting       | 1 2 3 |  3.2
Armour         | 1 2 3 |  3.0
Dodging        | |  2.2
Stealth        | |  2.0
Spellcasting   | |  2.0
Transmutations | |  0.7
Earth Magic    | |  2.2

Action                   |  1- 3 |  4- 6 || total
-------------------------+-------+-------++-------
Melee: Mace              |    64 |    91 ||   155
       Kick              |    17 |    23 ||    40
       Unarmed           |     2 |       ||     2
       Peck              |    11 |     9 ||    20
 Cast: Sandblast         |    24 |       ||    24
Invok: Upheaval          |       |     2 ||     2
 Stab: Sleeping          |     1 |       ||     1
Armor: Robe              |     6 |       ||     6
       Plate armour      |    47 |     2 ||    49
       Chain mail        |       |    41 ||    41
Dodge: Dodged            |    14 |    22 ||    36
Block: Other             |     2 |     6 ||     8
